 Dungeon Crawl Stone Soup version 0.31-a0-844-gdc52ec4e09 (webtiles) character file.

Game seed: 11130649954489133681

14 thriggle the Grave Robber (level 2, 0/20 HPs)
             Began as a Mummy Necromancer on Sept 29, 2023.
             Slain by Terence
             ... wielding a +0 trident
              (5 damage)
             ... on level 2 of the Dungeon.
             The game lasted 00:02:43 (725 turns).

thriggle the Grave Robber (Mummy Necromancer)        Turns: 725, Time: 00:02:44

Health: 0/20       AC:  5    Str: 11    XL:     2   Next: 31%
Magic:  0/6        EV: 12    Int: 14    God:
Gold:   67         SH:  0    Dex: 12    Spells: 6/7 levels left

rFire   x . .        c - +0 dagger
rCold   + . .        (no shield)
rNeg    + + +        a - +0 robe
rPois   ∞            (no helmet)
rElec   .            (no cloak)
rCorr   .            e - +2 pair of gloves
SInv    .            (no boots)
Will    .....        (no amulet)
Stlth   ++           (no ring)
HPRegen 0.23/turn    (no ring)
MPRegen 0.10/turn

%: faith
@: very slightly contaminated
A: cold resistance 1, negative energy resistance 3, torment resistance 2, heat
vulnerability 1, in touch with death 1, no potions, faith
a: no special abilities


You were on level 2 of the Dungeon.
You visited 1 branch of the dungeon, and saw 2 of its levels.

You collected 67 gold pieces.

Inventory:

Hand Weapons
 c - a +0 dagger (weapon)
Missiles
 b - 20 stones
Armour
 a - a +0 robe (worn)
 e - a +2 pair of gloves (worn)
 h - a +1 ring mail of cold resistance
Talismans
 g - a granite talisman
Scrolls
 d - a scroll of enchant armour {unknown}
 f - a scroll of torment {unknown}


   Skills:
 + Level 0.6 Fighting
 + Level 1.7 Dodging
 + Level 1.8 Stealth
 + Level 3.0 Spellcasting
 + Level 4.1 Necromancy


You had 6 spell levels left.
You knew the following spells:

 Your Spells              Type           Power      Damage    Failure   Level
a - Necrotise             Necr           80%        1d8       4%          1

Your spell library contained the following spells:

 Spells                   Type           Power      Damage    Failure   Level
 Vampiric Draining        Necr           20%        2d7       12%         3
 Animate Dead             Necr           20%        N/A       36%         4
 Agony                    Necr           20%        N/A       73%         5


Dungeon Overview and Level Annotations

Branches:
Dungeon (2/15)

Altars:

Annotations:
D:2 Terence


Innate Abilities, Weirdness & Mutations

You are immune to poison.
Your flesh is cold resistant. (rC+)
You are immune to negative energy. (rN+++)
You are immune to unholy pain and torment.
You are vulnerable to heat. (rF-)
You are in touch with the powers of death.
You do not drink.
You have a special connection with the divine. (Faith)


Message History

Aiming: Necrotise (safe; 4% risk of failure)
Press: ? - help, Shift-Dir - straight line, f/p - Terence
Aim: Terence, wielding a +0 trident and wearing a +0 chain mail (moderately wounded, ally target, chance to affect: 84%)
You feel a surge of power!
Terence writhes in agony.
Terence closely misses you.
You completely miss Terence.
Terence is heavily wounded.
Terence barely misses you.
Your rat skeleton bites Terence but does no damage.
You hit the quokka.
The quokka is lightly wounded.
The quokka bites you but does no damage.
Terence hits you but does no damage.
Your rat skeleton bites Terence but does no damage.
You closely miss the quokka.
The quokka is lightly wounded.
The quokka bites you but does no damage.
Terence hits your rat skeleton with a +0 trident!
Your rat skeleton is destroyed!
The quokka bites you but does no damage.
Terence shouts!
Casting: Necrotise (safe; 4% risk of failure)
Confirm with . or Enter, or press ? or * to list all spells.
Aiming: Necrotise (safe; 4% risk of failure)
Press: ? - help, Shift-Dir - straight line, f - quokka, p - Terence
Aim: a quokka (lightly wounded, chance to affect: 89%)
You feel a surge of power!
You miscast Necrotise.
You are very lightly contaminated with residual magic.
Nothing appears to happen.
Terence hits you with a +0 trident!
* * * LOW HITPOINT WARNING * * *
The quokka bites you.
* * * LOW HITPOINT WARNING * * *
Casting: Necrotise (safe; 4% risk of failure)
Confirm with . or Enter, or press ? or * to list all spells.
Aiming: Necrotise (safe; 4% risk of failure)
Press: ? - help, Shift-Dir - straight line, f/p - quokka
Aim: a quokka (lightly wounded, chance to affect: 89%)
You feel a surge of power!
The quokka writhes in agony.
Terence hits you with a +0 trident.
You die...

#.# ######.###
.....####.....!...
.....$..<.......#
..#####..........#
##. #.#.##...).#
.. #Z..# #.#..# #$
#.### .# .#
#.####.#####.# # .
.......r@....#
#.#.#.###@#### #
#g######
#.#.#.###...r..?
#.......<.##
...#####..# #.....
#.>...# #.#####


You could see Terence, a quokka and a goblin.

Vanquished Creatures
  A dart slug (D:1)
  2 ball pythons (D:1)
  A giant cockroach (D:1)
  A goblin (D:1)
  3 hobgoblins (D:1)
  A bat (D:1)
  2 rats
11 creatures vanquished.

Vanquished Creatures (collateral kills)
  A rat (D:1)
1 creature vanquished.

Grand Total: 12 creatures vanquished

Notes
Turn   | Place    | Note
-------+----------+-------------------------------------------
     0 | D:1      | thriggle the Mummy Necromancer began the quest for the Orb.
     0 | D:1      | Reached XP level 1. HP: 13/13 MP: 4/4
   266 | D:1      | Reached XP level 2. HP: 20/20 MP: 2/5
   663 | D:2      | Noticed Terence
   725 | D:2      | Slain by Terence

Illustrated notes

Levels and vault maps discovered:
D:1:      enne_arrival_octagon_isle, layout_loops_ring
D:2:      layout_loops_ring, serial_shops, nicolae_shop_hallway_plus,
          minmay_split_cup_large, uniq_terence

Skill      XL: |  1  2 |
---------------+-------+-----
Spellcasting   | 3 |  3.0
Fighting       | |  0.6
Dodging        | |  1.7
Stealth        | |  1.8
Necromancy     | |  4.1

Action                     || total
---------------------------++-------
  Melee: Dagger            ||    22
         Punch             ||     2
   Cast: Necrotise         ||    18
 Armour: Robe              ||    17
  Dodge: Dodged            ||    22

Table legend: (Time is in decaauts)
 A = Elapsed time spent in this place.
 B = Non-inter-level travel time spent in this place.
 C = Inter-level travel time spent in this place.
 D = Time resting spent in this place.
 E = Time spent auto-exploring this place.
 F = Levels seen in this place.
 G = Mean time per level.
                   A        B        C        D        E       F      G
               +--------+--------+--------+--------+--------+-----+--------+
         Total |    724 |    674 |     50 |      0 |    461 |   2 |  362.0 |
       Dungeon |    724 |    674 |     50 |      0 |    461 |   2 |  362.0 |
               +--------+--------+--------+--------+--------+-----+--------+

Top non-repeatable levels by time:
     D:1: 696 daAuts
     D:2: 28 daAuts
